 Dungeon Crawl Stone Soup version 0.19.0-2-gae57169 (console) character file.

34155 Damerell the Spear-Bearer (level 13, -1/113 HPs)
             Began as a Centaur Gladiator on Nov 3, 2016.
             Was a High Priest of Qazlal.
             Slain by an ice devil (18 damage)
             ... on level 6 of the Lair of Beasts on Nov 4, 2016.
             The game lasted 02:11:58 (17644 turns).

Damerell the Spear-Bearer (Centaur Gladiator)      Turns: 17644, Time: 02:12:01

Health: -1/113     AC: 18    Str: 23    XL:     13   Next: 40%
Magic:  19/19      EV:  7    Int:  7    God:    Qazlal [*****.]
Gold:   646        SH:  6    Dex: 13    Spells: 2 memorised, 10 levels left

rFire  . . .     SeeInvis .     a - +0 glaive (flame)
rCold  + . .     Gourm    .     d - +4 chain mail
rNeg   . . .     Faith    .     (shield currently unavailable)
rPois  .         Spirit   .     c - +1 helmet
rElec  .         Reflect  .     I - +1 cloak
rCorr  +         Harm     .     (no gloves)
MR     .....                    (no barding)
Stlth  ..........               M - amulet of regeneration
                                L - +3 ring of strength
                                w - ring of resist corrosion

@: protected from cold, repel missiles, very quick
A: hooves 3, deformed body, speed 2, tough skin 3
a: Upheaval, Elemental Force, Disaster Area, Renounce Religion


You were on level 6 of the Lair of Beasts.
You worshipped Qazlal.
Qazlal was extremely pleased with you.
You were very hungry.

You visited 3 branches of the dungeon, and saw 18 of its levels.

You collected 961 gold pieces.
You spent 315 gold pieces at shops.

Inventory:

Hand Weapons
 a - a +0 glaive of flaming (weapon)
 h - the +9 rapier of the Pillar {pierce, +Blink rF+ Str+4 Int+2, unknown}
   (You found it on level 6 of the Lair of Beasts)

   It inflicts extra damage upon your enemies.
   It affects your strength (+4).
   It affects your intelligence (+2).
   It protects you from fire.
   It lets you blink.
 Z - the +2 trident "Vahof" {venom, rN+}
   (You found it on level 1 of the Lair of Beasts)

   It poisons the flesh of those it strikes.
   It protects you from negative energy.
Missiles
 b - 16 tomahawks (quivered)
 C - 6 javelins
 D - 6 throwing nets
 R - 5 silver tomahawks
 U - 8 javelins of penetration
Armour
 c - a +1 helmet (worn)
 d - a +4 chain mail (worn)
 I - a +1 cloak (worn)
Jewellery
 l - an uncursed ring of protection from cold
 w - a ring of resist corrosion (left hand)
 x - an uncursed ring of poison resistance
 L - a +3 ring of strength (right hand)
 M - an amulet of regeneration (around neck)
Wands
 e - a wand of flame (22/48)
 o - a wand of heal wounds (4/9)
 t - a wand of lightning (6/15)
 B - a wand of lightning (8/15)
Scrolls
 g - 4 scrolls of fear
 m - a scroll of holy word
 p - 10 scrolls of remove curse
 r - 5 scrolls of amnesia
 v - 4 scrolls of fog
 y - a scroll of blinking
 H - a scroll of silence
 J - 5 scrolls of teleportation
Potions
 k - 2 potions of heal wounds
 s - 3 potions of cancellation
 z - a potion of cure mutation
 K - a potion of magic
 N - 3 potions of curing
 X - a potion of haste
Miscellaneous
 P - a fan of gales
 T - a disc of storms
 W - a phial of floods
Comestibles
 f - 13 bread rations
 j - 6 fruits
 n - 4 beef jerkies
 E - 11 meat rations
 S - a slice of pizza


   Skills:
 + Level 10.2 Fighting
 * Level 12.5 Polearms
 + Level 10.9 Throwing
 + Level 7.4 Armour
 + Level 3.2 Dodging
 - Level 1.0 Hexes
 + Level 8.6 Invocations


You had 10 spell levels left.
You knew the following spells:

 Your Spells              Type           Power        Failure   Level  Hunger
a - Confusing Touch       Hex            #.....       99%         1    ##.....
b - Flame Tongue          Conj/Fire      #....        100%        1    ##.....


Dungeon Overview and Level Annotations

Branches:
Dungeon (11/15)            Temple (1/1) D:6            Lair (6/6) D:11
  Swamp (0/4) Lair:4       Spider (0/4) Lair:2        Slime (0/5) Lair:6
    Orc (0/2) D:9

Altars:
Fedhas
Gozag
Nemelex Xobeh
Okawaru
Qazlal
Ru
Trog
Uskayaw
Yredelemnul
Zin

Shops:
D:4 (   D:6 ?

Portals:
Ice
Cave: Lair:6


Innate Abilities, Weirdness & Mutations

You have hooves in place of feet.
Armour fits poorly on your strangely shaped body.
You cover ground very quickly.
You have extremely tough skin. (AC +3)


Message History

You hit the ice devil but do no damage. Your kick misses the ice devil.
The ice devil is almost dead.
The ice devil hits you but does no damage.
You closely miss the ice devil.
You kick the ice devil, but do no damage.
The ice devil is severely wounded.
The ice devil hits you. The ice devil freezes you!
* * * LOW HITPOINT WARNING * * *
Unknown command.
You hit the ice devil. You burn the ice devil. Your kick misses the ice devil.
The ice devil is almost dead.
You block the ice devil's attack.
You closely miss the ice devil. Your kick misses the ice devil.
The ice devil is almost dead.
The ice devil hits you!
* * * LOW HITPOINT WARNING * * *
The ice devil freezes you!!
Your resistance to physical damage fades away.
You feel protected from cold.
You die...

*##*###*###*## ***
***..##..##.##.#### ****,**** **
,,,#...P..#...#...###P#,,**,****,
,,,...............H....,,,,,,,,,,
,**.P...P...###'#+###.,,,,,,,,,,,
***.P..P....# #.H.# *,,,*,,,,,,**
***....#...P# ##4## *,,,***,,,,**
,*,.....#..##**#@#***,,,**,,,,,,,
**,...##...P##.§...#*,,,,*,,,,,,*
*,,..,*##...##..§§.#*,,,,*,,,,,**
,**,,,* #h..##.....#*,,,***,,,,**
,,,,,**##...##..∩..#*,,,,**,,,*,*
,,,,.###....########*,,,,*,*,,,*,
,,,,........###***#**,,,,,,,,,,,,
,,,,..........#...#*,,,,,,,,,,,,,
,,,,.......<.......,,,,,,,,,,,,,,


You could see an ice devil and a hippogriff.

Vanquished Creatures
  7 hydras
  An unseen horror (D:11)
  3 hill giants
  The ghost of Tyryt0 the Chopper, a novice DgFi (D:6)
  A wolf spider (Lair:2)
  An oklob plant (Lair:5)
  3 cyclopes
  Joseph (D:7)
  2 black mambas
  10 spiny frogs
  A gargoyle (D:11)
  5 komodo dragons
  An ice devil (Lair:6)
  A merfolk (D:11)
  2 jumping spiders (Lair:2)
  A troll (D:11)
  2 polar bears (D:10)
  8 blink frogs
  A hornet (D:11)
  5 dream sheep (Lair:2)
  8 hippogriffs
  A redback (Lair:2)
  A shadow (D:11)
  30 yaks
  A wyvern (Lair:3)
  A steam dragon (D:8)
  6 swamp worms (Lair:4)
  Menkaure (D:7)
  15 water moccasins
  7 porcupines
  A swamp drake (D:9)
  5 ice beasts
  2 orc warriors
  2 sky beasts
  6 ogres
  A phantom (D:5)
  17 wolves
  7 crocodiles
  A big kobold (D:11)
  13 bullfrogs
  A gnoll sergeant (D:6)
  A wyvern zombie (D:10)
  2 scorpions
  A wyvern skeleton (D:11)
  2 electric eels
  3 howler monkeys
  7 wights
  4 crimson imps
  A quasit (D:10)
  2 hounds
  10 orc wizards
  5 orc priests
  Crazy Yiuf (D:6)
  3 bullfrog skeletons
  4 iguanas
  4 worker ants
  A hound zombie (D:3)
  A hound skeleton (D:9)
  A worker ant zombie (D:7)
  2 howler monkey skeletons
  7 gnolls
  8 adders
  2 shadow imps
  2 white imps (D:10)
  A worker ant simulacrum (D:10)
  An ooze (D:5)
  An adder skeleton (D:9)
  3 worms
  3 dart slugs
  3 leopard geckos
  43 orcs
  9 bats
  4 giant cockroaches
  3 goblins
  3 hobgoblins
  4 jackals
  7 quokkas
  A ball python (D:3)
  A frilled lizard (D:3)
  10 kobolds
  A leopard gecko zombie (D:6)
  A quokka simulacrum (D:10)
  3 rats
  A bush (Lair:3)
  11 fungi
  8 plants
380 creatures vanquished.

Vanquished Creatures (others)
  2 fungi
  A plant (Lair:5)
3 creatures vanquished.

Grand Total: 383 creatures vanquished

Notes
Turn   | Place    | Note
-------+----------+-------------------------------------------
     0 | D:1      | Damerell the Centaur Gladiator began the quest for the Orb.
     0 | D:1      | Reached XP level 1. HP: 17/17 MP: 1/1
   510 | D:1      | Reached XP level 2. HP: 9/24 MP: 2/2
   686 | D:2      | Reached skill level 3 in Polearms
   738 | D:2      | Found an opulent altar of Gozag.
   836 | D:2      | Reached XP level 3. HP: 24/30 MP: 3/3
   966 | D:2      | Learned a level 1 spell: Confusing Touch
  1403 | D:2      | Reached XP level 4. HP: 19/37 MP: 4/4
  1616 | D:3      | Reached skill level 1 in Armour
  1890 | D:3      | Reached skill level 4 in Polearms
  1890 | D:3      | Reached XP level 5. HP: 40/44 MP: 5/5
  2702 | D:4      | Noticed an ogre
  2717 | D:4      | Killed an ogre
  2717 | D:4      | Reached XP level 6. HP: 32/51 MP: 6/6
  2765 | D:4      | Found Uricerphi's Antique Weapon Boutique.
  3633 | D:4      | Reached skill level 1 in Hexes
  3726 | D:5      | Entered Level 5 of the Dungeon
  3925 | D:5      | Reached skill level 5 in Polearms
  3925 | D:5      | Reached XP level 7. HP: 36/58 MP: 7/7
  4624 | D:6      | Found a staircase to the Ecumenical Temple.
  4632 | Temple   | Entered the Ecumenical Temple
  4728 | Temple   | Became a worshipper of Qazlal Stormbringer
  4773 | D:6      | Reached skill level 5 in Throwing
  4923 | D:6      | Noticed Tyryt0's ghost (novice DgFi)
  5369 | D:6      | Killed Tyryt0's ghost
  5369 | D:6      | Reached skill level 6 in Polearms
  5369 | D:6      | Reached XP level 8. HP: 32/67 MP: 8/8
  5588 | D:6      | Reached skill level 5 in Fighting
  5776 | D:6      | Reached skill level 1 in Invocations
  5777 | D:6      | Found Tiaz's Magic Scroll Shop.
  5785 | D:6      | Bought a scroll of identify for 30 gold pieces
  5785 | D:6      | Bought a scroll of identify for 30 gold pieces
  5785 | D:6      | Bought a scroll of identify for 30 gold pieces
  5785 | D:6      | Bought a scroll of identify for 30 gold pieces
  5785 | D:6      | Bought a scroll of teleportation for 45 gold pieces
  5785 | D:6      | Bought a scroll of identify for 30 gold pieces
  5785 | D:6      | Bought a scroll of identify for 30 gold pieces
  5785 | D:6      | Bought a scroll of remove curse for 45 gold pieces
  5785 | D:6      | Bought a scroll of remove curse for 45 gold pieces
  5834 | D:6      | Found a runed door.
  5874 | D:6      | Noticed Crazy Yiuf
  5880 | D:6      | Killed Crazy Yiuf
  6097 | D:7      | Reached skill level 7 in Polearms
  6251 | D:7      | Noticed Menkaure
  6255 | D:7      | Killed Menkaure
  6372 | D:7      | Reached XP level 9. HP: 63/74 MP: 10/10
  6382 | D:7      | Noticed Joseph
  6750 | D:7      | Reached * piety under Qazlal
  6879 | D:7      | Killed Joseph
  7784 | D:8      | Reached skill level 8 in Polearms
  8802 | D:9      | Learned a level 1 spell: Flame Tongue
  8823 | D:9      | Reached XP level 10. HP: 84/84 MP: 12/12
  9000 | D:9      | Noticed a hill giant
  9043 | D:9      | Killed a hill giant
  9055 | D:9      | Reached ** piety under Qazlal
  9259 | D:9      | Reached skill level 9 in Polearms
  9358 | D:9      | Found a staircase to the Orcish Mines.
  9655 | D:10     | Entered Level 10 of the Dungeon
  9908 | D:10     | HP: 1/86 [polar bear (21)]
 10176 | D:10     | Noticed a cyclops
 10221 | D:10     | Killed a cyclops
 10221 | D:10     | Reached skill level 5 in Armour
 10483 | D:10     | Reached *** piety under Qazlal
 10653 | D:11     | Killed an unseen horror
 10666 | D:11     | Noticed a hill giant
 10898 | D:11     | Killed a hill giant
 10898 | D:11     | Reached XP level 11. HP: 45/94 MP: 14/14
 10904 | D:11     | HP: 2/94 [troll (10)]
 11216 | D:11     | Reached skill level 10 in Polearms
 11227 | D:11     | Found a staircase to the Lair.
 11241 | Lair:1   | Entered Level 1 of the Lair of Beasts
 11389 | D:11     | Reached skill level 5 in Invocations
 11398 | D:11     | Noticed a hill giant
 11468 | D:11     | Killed a hill giant
 11616 | D:11     | Noticed a seven-headed hydra
 11642 | D:11     | Killed a seven-headed hydra
 12477 | Lair:1   | Noticed a four-headed hydra
 12493 | Lair:1   | Killed a four-headed hydra
 12838 | Lair:1   | Noticed a four-headed hydra
 12886 | Lair:1   | Killed a four-headed hydra
 12886 | Lair:1   | Reached skill level 11 in Polearms
 12962 | Lair:1   | Got an iridescent trident
 12963 | Lair:1   | Identified the cursed +2 trident "Vahof" {venom, rN+} (You found it on level 1 of the Lair of Beasts)
 13146 | Lair:2   | Noticed a four-headed hydra
 13228 | Lair:1   | Reached XP level 12. HP: 89/103 MP: 16/16
 13255 | Lair:1   | Reached **** piety under Qazlal
 13322 | Lair:1   | Killed a four-headed hydra
 13692 | Lair:2   | Reached skill level 10 in Throwing
 14153 | Lair:2   | Found a hole to the Spider Nest.
 14664 | Lair:3   | Noticed a four-headed hydra
 14683 | Lair:3   | Killed a four-headed hydra
 14899 | Lair:3   | Reached skill level 12 in Polearms
 15548 | Lair:4   | Reached ***** piety under Qazlal
 15806 | Lair:4   | Reached XP level 13. HP: 79/113 MP: 18/18
 16419 | Lair:4   | Found a staircase to the Swamp.
 16841 | Lair:5   | Reached skill level 10 in Fighting
 17585 | Lair:6   | Entered Level 6 of the Lair of Beasts
 17597 | Lair:6   | Got a faintly glowing rapier
 17603 | Lair:6   | Found a frozen archway.
 17644 | Lair:6   | Slain by an ice devil

Skill      XL: |  1  2  3  4  5  6  7  8  9 10 11 12 13 |
---------------+----------------------------------------+-----
Polearms       | 3 4 5 6 7 8 9 11 12 | 12.5
Throwing       | 3 4 5 6 7 8 9 10 | 10.9
Armour         | 1 2 3 4 5 6 7 |  7.4
Fighting       | 3 4 5 6 7 8 9 10 | 10.2
Hexes          | 1 |  1.0
Invocations    | 1 2 4 6 7 8 |  8.6
Dodging        | 3 |  3.2

Action                   |  1- 3 |  4- 6 |  7- 9 | 10-12 | 13-15 || total
-------------------------+-------+-------+-------+-------+-------++-------
Melee: Trident           |   156 |   164 |   696 |  1200 |   149 ||  2365
       Kick              |    50 |    33 |   123 |   307 |    67 ||   580
       Glaive            |       |       |       |       |    61 ||    61
Throw: Stone             |     2 |       |       |       |       ||     2
       Tomahawk          |       |     1 |    11 |    14 |       ||    26
       Javelin           |       |     1 |       |       |       ||     1
       Throwing net      |       |       |     2 |       |       ||     2
Evoke: Wand              |       |       |       |     2 |       ||     2
  Use: Potion            |     2 |     3 |     4 |     4 |       ||    13
       Scroll            |       |     5 |     7 |     6 |    12 ||    30
 Stab: Confused          |       |       |       |     2 |       ||     2
  Eat: Chunk             |     1 |     6 |    14 |    19 |     2 ||    42
       Fruit             |       |       |       |     1 |       ||     1
       Royal jelly       |       |       |       |       |     1 ||     1
Armor: Leather armour    |    36 |    17 |       |       |       ||    53
       Chain mail        |       |    20 |   283 |   499 |    94 ||   896
       Skin              |       |       |    25 |       |       ||    25
Dodge: Dodged            |    36 |    41 |   107 |   228 |    34 ||   446
Block: Other             |       |       |     7 |   149 |    44 ||   200
